 Dungeon Crawl Stone Soup version 0.31.0-11-ge490571c62 (webtiles) character file.

Game seed: 6798626545523479513

2 Bravepunisher the Ducker (level 1, -1/11 HPs)
             Began as a Spriggan Monk on Feb 3, 2024.
             Slain by an orc
             ... wielding a +0 flail
              (9 damage)
             ... on level 4 of the Dungeon.
             The game lasted 00:01:52 (386 turns).

Bravepunisher the Ducker (Spriggan Monk)             Turns: 386, Time: 00:01:52

Health: -1/11      AC:  2    Str:  7    XL:     1   Next: 33%
Magic:  2/2        EV: 19    Int: 11    God:
Gold:   17         SH:  0    Dex: 17    Spells: 0/0 levels left

rFire   . . .        a - +0 short sword
rCold   . . .        (no shield)
rNeg    . . .        b - +0 robe
rPois   .            (helmet restricted)
rElec   .            (no cloak)
rCorr   .            (gloves unavailable)
SInv    +            (boots unavailable)
Will    .....        (no amulet)
Stlth   ++           (no ring)
HPRegen 0.21/turn    (no ring)
MPRegen 0.08/turn

%: no passive effects
@: very quick
A: very small, no large weapons, unfitting armour, see invisible, speed 3
a: no special abilities


You were on level 4 of the Dungeon.
You visited 1 branch of the dungeon, and saw 4 of its levels.

You collected 17 gold pieces.

Inventory:

Hand Weapons
 a - a +0 short sword (weapon)
Armour
 b - a +0 robe (worn)
Potions
 c - a potion of ambrosia


   Skills:
 + Level 2.4 Fighting
 - Level 3.2 Short Blades
 * Level 4.2 Dodging


You couldn't memorise any spells.
You didn't know any spells.
Your spell library was empty.

Dungeon Overview and Level Annotations

Branches:
Dungeon (4/15)
 Temple: D:4-7

Altars:

Annotations:
D:4 1 runed translucent door


Innate Abilities, Weirdness & Mutations

You are very small and have problems with some larger weapons.
You are too small for most types of armour.
You have supernaturally acute eyesight. (SInv)
You cover ground extremely quickly. (Speed+++)


Message History

You see here a +0 ring mail.
You see here a +0 ring mail.
Found a sling.
You see here a +0 sling.
You see here a +0 sling.
You see here a +0 sling.
Found a stone staircase leading down.
Found a ring mail.
There is a stone staircase leading down here.
You climb downwards.
There is a stone staircase leading up here.
A ball python comes into view.
The ball python hisses angrily.
The ribbon worm bites you.
An orc comes into view. It is wielding a +0 flail.
Found 3 stones.
An endoplasm comes into view.
The endoplasm quivers.
Found a hammer.
Found a stone staircase leading down.
A hobgoblin comes into view.
Found a hammer.
The hobgoblin shouts!
You hear a shout!
You hear an angry hiss.
The endoplasm jiggles.
You see here a +0 hammer.
Found a hammer.
Found a runed translucent door.
You see here a +0 hammer.
The hobgoblin misses you.
The ball python attacks as it pursues you!
The ball python misses you. The ball python completely misses you.
The hobgoblin attacks as it pursues you!
The hobgoblin hits you.
The ribbon worm expels a string of sticky webbing.
The stream of webbing hits you but does no damage.
You are caught in a web!
The orc barely misses you.
There is a web here.
The web tears apart.
The orc closely misses you.
The endoplasm jiggles.
The orc attacks as it pursues you! The orc hits you with a +0 flail!
Ouch! That really hurt!
You die...

♣♣.♣♣ ♣..)♣♣ ..#
♣....♣ ..#####. ..
#.)..# ###......
..###....####.......
..........>J......#
............S....#
............w....#.
....#......###go@#
...###...#####..#.#
..# #.(.....##..#.#
#..#....##.##.#
#..#....##.. #.
....#...####. . ....
#w.....##.o#.
....####......... #
...##............


You could see a ribbon worm (catching breath), an orc, an endoplasm, a hobgoblin
and a ball python.

Vanquished Creatures
  An endoplasm (D:2)
  A bat (D:2)
  A frilled lizard (D:2)
3 creatures vanquished.

Notes
Turn   | Place    | Note
-------+----------+-------------------------------------------
     0 | D:1      | Bravepunisher the Spriggan Monk began the quest for the
                  | Orb.
     0 | D:1      | Reached XP level 1. HP: 11/11 MP: 2/2
    98 | D:2      | Noticed an iguana
   373 | D:4      | Found a runed translucent door.
   386 | D:4      | Slain by an orc

Illustrated notes

Levels and vault maps discovered:
D:1:      psy_arrival_heroes, layout_basic, ebering_ecumenical_altar_rust,
          serial_glass, glass_columns_b, glass_columns_b, glass_columns_b,
          glass_columns_b, glass_columns_c, glass_columns_b, glass_columns_c,
          glass_columns_c
D:2:      layout_rooms
D:3:      layout_loops_cross
D:4:      layout_cave_pools, minmay_temple_entry_steel_oval,
          uniq_crazy_yiuf_cottage, uniq_menkaure

Action                     || total
---------------------------++-------
  Melee: Short sword       ||    18
 Armour: Robe              ||    21
  Dodge: Dodged            ||    54
